Map: Moondance

Players

WwMaN

  • Race: Terran Terran
  • League: Diamond
  • Spawn Location: 12:00

ukenzen - Winner!

  • Race: Zerg Zerg
  • League: Diamond
  • Spawn Location: 6:00

VOD

Have the link to the VOD?

Description

Time

  • Played on: Sept. 2, 2022, 12:27 p.m.
  • Length: 13:11
Show
View Real Time Build Order
Export as new Build Order

WwMaN Terran 

Build Orders: 2 Factory 

Get SALT Encoding   

  12  0:00  SCV  
  13  0:13  SCV  
  14  0:20  Supply Depot  
  14  0:28  SCV  
  15  0:37  Refinery  
  15  0:41  Engineering Bay  
  15  0:57  Barracks  
  15  1:02  SCV  
  16  1:19  SCV  
  17  1:37  SCV  
  18  1:41  Command Center  
  18  2:03  Barracks  
  18  2:06  Orbital Command  
  18  2:18  Factory  
  18  2:25  Refinery  
  18  2:33  SCV  
  19  2:51  Factory  
  19  2:55  Orbital Command  
  19  3:03  Barracks Reactor  
  19  3:07  Marine  
  19  3:10  Widow Mine  
  19  3:11  SCV  
  23  3:23  SCV  
  24  3:28  Supply Depot  
  24  3:32  Marine  
  25  3:36  Widow Mine  
  27  3:52  Command Center  
  27  4:01  Widow Mine  
  29  4:06  Widow Mine x2  
  33  4:11  Barracks Tech Lab  
  33  4:19  SCV x2  
  35  4:29  Armory  
  35  4:44  Widow Mine x2  
  41  4:51  SCV  
  41  4:52  SCV  
  41  4:58  Bunker  
  41  5:01  Siege Tank  
  41  5:02  Barracks Tech Lab  
  41  5:03  SCV  
  45  5:07  Orbital Command  
  45  5:08  SCV  
  45  5:10  Barracks Reactor  
  45  5:11  Widow Mine x2  
  50  5:19  Refinery  
  50  5:22  SCV x2  
  50  5:23  Barracks  
  51  5:33  Widow Mine, Siege Tank  
  55  5:44  SCV x3  
  55  5:46  Refinery  
  55  5:47  Marine x2  
  60  5:54  Orbital Command  
  60  6:05  Marine  
  61  6:16  Marine  
  61  6:17  Marauder, Widow Mine x2  
  66  6:23  Marine  
  67  6:34  Marine  
  67  6:38  Marauder  
  55  6:56  Siege Tank  
  55  6:57  Widow Mine x2  
  56  7:09  Marine x2  
  56  7:10  Marine  
  58  7:18  Widow Mine x2  
  60  7:25  SCV x2  
  60  7:27  Stimpack  
  60  7:37  SCV  
  60  7:41  Marauder, Marine x3  
  62  7:54  Widow Mine, Siege Tank  
  67  7:59  Marine  
  62  8:06  Marauder, Marine  
  62  8:20  Marine  
  62  8:28  Marauder  
  57  8:42  Widow Mine x2, Marine x2  
  63  8:55  Marine  
  60  8:56  Marauder  
  60  9:00  Marine x2  
  65  9:13  Marine  
  63  9:36  SCV  
  63  9:37  SCV  
  63  9:38  SCV  
  66  9:39  Hellion, Marine  
  69  9:45  Marine x2  
  69  9:46  Marine  
  69  9:47  Hellion x2  
  42  9:59  Marine  
  38  10:00  Widow Mine  
  38  10:03  Marine x2  
  36  10:21  Command Center, Marine x3  
  36  10:22  Marine  
  30  10:39  Marine x4  
  33  10:57  Marine x4  
  34  11:15  Marine x4  
  37  11:32  Marine x2  
  36  11:33  Marine x2  
  36  11:37  SCV x3  
  43  11:49  SCV x2  
  43  11:50  Marine x2  
  43  11:51  Marine  
  48  11:57  Marine  
  49  12:01  Widow Mine x2  
  49  12:06  SCV x3  
  51  12:08  Marine x2  
  51  12:15  Marine  
  53  12:18  SCV x3  
  58  12:23  Widow Mine x2  
  58  12:26  Marine x2  
  51  12:30  SCV x2  
  51  12:33  Marine  
  51  12:36  Orbital Command  
  51  12:43  Engineering Bay  
  47  12:44  Marine  
  47  12:49  Marine  
  47  12:51  Marine  
Show
View Real Time Build Order
Export as new Build Order

ukenzen Zerg - Winner!

Build Orders: Pool First 

Get SALT Encoding   

  12  0:01  Drone  
  13  0:12  Overlord  
  13  0:16  Drone  
  14  0:30  Drone x2  
  14  0:34  Drone  
  17  0:37  Extractor  
  16  0:45  Drone  
  17  0:54  Spawning Pool  
  17  0:56  Drone  
  17  1:34  Hatchery  
  17  1:37  Drone  
  17  1:38  Drone x2  
  19  1:49  Zergling x2  
  19  1:50  Queen  
  22  2:01  Overlord  
  22  2:16  Metabolic Boost  
  22  2:19  Zergling x2  
  23  2:24  Zergling x2  
  23  2:26  Queen  
  26  2:32  Zergling x2  
  27  2:50  Lair  
  27  2:53  Drone, Extractor  
  27  2:54  Drone x2  
  27  2:57  Drone  
  30  3:02  Zergling x6  
  33  3:08  Drone x2  
  35  3:18  Drone  
  36  3:24  Overlord  
  36  3:35  Overlord x2  
  36  3:40  Overlord  
  36  3:44  Drone x4  
  40  3:55  Drone x3  
  42  4:01  Drone  
  43  4:03  Drone  
  43  4:09  Spire  
  43  4:11  Drone  
  44  4:19  Drone x3  
  47  4:29  Drone  
  47  4:30  Drone x4  
  52  4:39  Queen  
  54  4:46  Hatchery  
  54  4:48  Extractor  
  54  4:49  Extractor  
  54  4:52  Queen  
  53  4:55  Overlord  
  53  5:02  Drone x2  
  53  5:03  Drone  
  53  5:04  Drone x2  
  58  5:07  Drone  
  58  5:08  Drone  
  60  5:28  Mutalisk  
  60  5:29  Mutalisk x5  
  60  5:33  Mutalisk  
  73  5:44  Drone  
  73  5:45  Drone  
  73  5:47  Drone  
  73  5:48  Overlord x3  
  76  6:11  Mutalisk  
  76  6:12  Mutalisk x3  
  83  6:32  Overseer  
  82  6:46  Zergling x26  
  93  6:51  Mutalisk  
  93  7:01  Zergling x6  
  94  7:18  Mutalisk  
  94  7:21  Mutalisk x5  
  82  7:45  Mutalisk x2  
  83  7:55  Zergling x20  
  91  8:01  Mutalisk  
  91  8:02  Mutalisk  
  86  8:18  Mutalisk x2  
  85  8:20  Zergling x10  
  82  8:35  Zergling x12  
  82  8:44  Zergling x16  
  85  9:01  Mutalisk x5  
  90  9:12  Zergling x6  
  93  9:20  Mutalisk  
  93  9:21  Mutalisk  
  93  9:23  Zergling x16  
  101  9:42  Spine Crawler x2  
  101  9:43  Spine Crawler  
  96  9:51  Zergling x2  
  96  9:52  Zergling x18  
  92  9:57  Mutalisk  
  92  9:58  Mutalisk x3  
  95  10:12  Mutalisk  
  97  10:16  Drone x6  
  100  10:38  Zergling x12  
  106  10:53  Overlord x4  
  106  11:17  Queen  
  104  11:43  Mutalisk x10  
  124  12:17  Mutalisk x4  
  120  12:51  Zergling x2  
  120  12:52  Zergling x16  
Tags
 
Add a new tag
Caveats
  • Supply blocks, unpowered buildings, or Contaminate may cause inaccurate times.
  • Supply counts are checked every 10 seconds.